AoeStats
← kristiian

Arabia

506221076Analyzed
1v1 RM · 20d ago on Sep 12, 2026· 67m 7s· 2 players
Game mode
Random Map
Map size
Tiny (2 player)
Population
200
Speed
Normal
Resources
Standard
Victory
Conquest
Starting age
Dark Age
Ending age
Imperial Age
RankedLock teamsTeams togetherTeam positionsShared explorationLock speedFull tech treeHidden civsTurbo modeCheats
Victory
Defeat
🇪🇸 Burgundians · Spain
521
+15
🇨🇿 Vietnamese · Czechia
510
-15
kristiian
0:46 Loom
12:31 Feudal Age
29:50 Castle Age
29:28 Padded Archer Armor
29:18 Fletching
31:57 Leather Archer Armor
31:37 Bodkin Arrow
32:45 Thumb Ring
35:43 Wheelbarrow
34:54 Town Watch
34:57 Double-Bit Axe
34:54 Horse Collar
36:55 Crossbowman
38:10 Hand Cart
44:40 Imperial Age
45:12 Bodkin Arrow
45:28 Forging
45:19 Scale Mail Armor
45:24 Scale Barding Armor
47:03 Chemistry
47:04 Town Patrol
47:28 Arbalester
48:34 Gold Mining
48:34 Stone Mining
49:03 Bow Saw
48:55 Heavy Plow
50:12 Ring Archer Armor
49:43 Bracer
51:28 Two-Man Saw
51:00 Crop Rotation
51:12 Iron Casting
50:53 Chain Mail Armor
51:40 Stone Shaft Mining
51:37 Elite Fire Lancer
52:26 Squires
52:13 Arson
54:18 Plate Mail Armor
54:38 Elite Rattan Archer
55:46 Paper Money
56:09 Hoardings
55:05 Sappers
55:36 Chatras
57:11 Chain Barding Armor
57:44 Guard Tower
57:42 Arrowslits
58:17 Bombard Tower
58:18 Ballistics
58:08 Fortified Wall
58:05 Siege Engineers
58:14 Sappers
59:31 Heated Shot
59:21 Treadmill Crane
59:37 Murder Holes
59:54 Careening
59:56 Clinker Construction
59:12 Elite Skirmisher
59:21 Man-at-Arms
59:21 Pikeman
[ITVE] - Spark
0:27 Loom
5:56 Wheelbarrow
14:48 Feudal Age
19:39 Forging
19:34 Scale Barding Armor
27:02 Castle Age
27:57 Double-Bit Axe
28:04 Gold Mining
28:04 Stone Mining
27:58 Horse Collar
30:01 Gold Shaft Mining
30:01 Stone Shaft Mining
29:41 Bow Saw
32:58 Iron Casting
32:44 Chain Barding Armor
34:39 Two-Man Saw
33:42 Heavy Plow
34:09 Husbandry
33:30 Cavalier
34:36 Light Cavalry
40:11 Hand Cart
41:56 Murder Holes
41:42 Treadmill Crane
42:24 Ballistics
42:13 Siphons
48:14 Imperial Age
46:00 Burgundian Vineyards
49:26 Conscription
48:37 Sappers
49:42 Hoardings
50:12 Chemistry
49:40 Masonry
50:18 Paladin
50:22 Hussar
54:27 Blast Furnace
54:03 Plate Barding Armor
Connection lost

Rejoining the realm…

Still unreachable

The connection could not be restored.

Session expired

The server has moved on; the page needs a fresh start.